 Dungeon Crawl Stone Soup version 0.24.0-28-g17ded55e90 (webtiles) character file.

Game seed: 3063633598157302244, levelgen mode: deterministic

610135 DildoBatman the Petrodigitator (level 27, -6/190 HPs)
             Began as a Formicid Wizard on Nov 11, 2019.
             Was an Initiate of Gozag.
             Mangled by a death scarab (20 damage)
             ... on level 3 of the Tomb of the Ancients on Nov 12, 2019.
             The game lasted 04:15:20 (58962 turns).

DildoBatman the Petrodigitator (Formicid Wizard)   Turns: 58962, Time: 04:15:20

Health: -6/190     AC: 20    Str: 10 (13) XL:     27
Magic:  19/42      EV: 16    Int: 35 (36) God:    Gozag
Gold:   11014      SH: 26    Dex: 13      Spells: 2/56 levels left

rFire    + + +     SeeInvis +   b - +8 dire flail of Famine {speed, rF+}
rCold    + . .     Gourm    .   X - +8 large shield {reflect}
rNeg     + . .     Faith    .   O - +3 leather armour {rF+}
rPois    +         Spirit   .   (helmet unavailable)
rElec    +         Reflect  +   n - +2 cloak
rCorr    +         Harm     .   u - +3 pair of gloves of the Hills {rElec Regen+}
MR       +++++     Clarity  +   U - +2 pair of boots
Stlth    +++.......             g - amulet of the Four Winds {rN+ MR+++ Clar}
HPRegen  1.21/turn              d - +6 ring of intelligence
MPRegen  0.28/turn              h - ring "Rutumpoj" {rF+ Dex+4}

@: resistant, marked, gold aura, studying Summonings
A: permanent stasis, dig shafts and tunnels, four strong arms, antennae 3,
molten scales 1, camouflage 1, mutation resistance 1, regeneration 1, MP-powered
wands
}: 3/15 runes: decaying, silver, gossamer
a: Dig, Shaft Self, Potion Petition, Call Merchant, Bribe Branch, Renounce
Religion


You were on level 3 of the Tomb of the Ancients.
You worshipped Gozag.
Gozag was extremely pleased with you.
You were very full.

You visited 10 branches of the dungeon, and saw 46 of its levels.
You also visited: Ice Cave and Volcano.

You collected 23283 gold pieces.
You spent 6216 gold pieces at shops.
You paid 6053 gold pieces to Gozag.

Inventory:

Hand Weapons
 a - a +9 shortbow of flaming
 b - the +8 dire flail of Famine (weapon) {speed, rF+}
   (You found it on level 5 of the Vaults)

   Attacks with this weapon are significantly faster.
   It protects you from fire.
 c - the +7 hand crossbow of Calculation {penet, +Inv rF++ Str-5 SInv}
   (You found it on level 3 of the Lair of Beasts)

   Ammo fired by it will pass through the targets it hits, potentially hitting
   all targets in its path until it reaches maximum range.
   It affects your strength (-5).
   It greatly protects you from fire.
   It lets you see invisible.
   It lets you turn invisible.
Missiles
 i - 402 sling bullets
 y - 1110 arrows
 N - 958 bolts
 T - 6 throwing nets (quivered)
Armour
 n - a +2 cloak (worn)
 u - the +3 pair of gloves of the Hills (worn) {rElec Regen+}
   (You bought it in a shop on level 1 of the Vaults)

   It insulates you from electricity.
   It increases your rate of regeneration.
 O - a +3 leather armour of fire resistance (worn)
 U - a +2 pair of boots (worn)
 X - a +8 large shield of reflection (worn)
Magical Staves
 W - an uncursed staff of wizardry
Jewellery
 d - a +6 ring of intelligence (left hand)
 g - the amulet of the Four Winds (around neck) {rN+ MR+++ Clar}
   (You found it on level 12 of the Dungeon)

   [amulet of nothing]

   It protects you from negative energy.
   It affects your resistance to hostile enchantments.
   It protects you against confusion.
 h - the ring "Rutumpoj" (right hand) {rF+ Dex+4}
   (You found it on level 3 of the Lair of Beasts)

   [ring of protection from fire]

   It affects your dexterity (+4).
   It protects you from fire.
 r - an uncursed amulet of regeneration
Wands
 e - a wand of clouds (4)
 B - a wand of scattershot (21)
 K - a wand of acid (41)
 Q - a wand of iceblast (48)
Scrolls
 l - 4 scrolls of torment
 x - 21 scrolls of remove curse
 z - 30 scrolls of identify
 C - 5 scrolls of magic mapping
 D - 12 scrolls of amnesia
 E - 5 scrolls of enchant armour
 H - 4 scrolls of holy word
 M - 7 scrolls of fog
 P - 5 scrolls of acquirement
Potions
 j - 21 potions of curing
 m - 8 potions of might
 o - 8 potions of ambrosia
 p - 6 potions of cancellation
 q - 2 potions of resistance
 t - 3 potions of magic
 A - 4 potions of mutation
 G - 4 potions of agility
 R - a potion of invisibility
 V - 5 potions of brilliance
 Z - a potion of heal wounds
Books
 f - a manual of Summonings
Miscellaneous
 k - 3 boxes of beasts
 s - a lamp of fire
 I - a phial of floods
 J - a sack of spiders
 L - 3 phantom mirrors
 S - a fan of gales
Comestibles
 v - 9 rations


   Skills:
 - Level 10.0 Fighting
 - Level 10.0 Armour
 - Level 8.0 Dodging
 - Level 2.4 Stealth
 - Level 15.0 Shields
 - Level 15.0 Spellcasting
 - Level 6.0 Conjurations
 - Level 4.0 Charms
 - Level 1.0 Summonings
 - Level 19.0 Necromancy
   Level 0.8 Translocations
 - Level 19.0 Transmutations
 - Level 5.2 Fire Magic
 * Level 16.3 Air Magic
 O Level 27 Earth Magic
 - Level 12.0 Evocations


You had 2 spell levels left.
You knew the following spells:

 Your Spells              Type           Power        Failure   Level  Hunger
a - Borgnjor's Vile Clut  Necr/Erth      ########..   0%          5    None
b - Shatter               Erth           ########..   3%          9    #######
c - Dispel Undead         Necr           ########     1%          5    None
d - Necromutation         Tmut/Necr      ########..   4%          8    ######.
e - Regeneration          Chrm/Necr      #######...   1%          3    None
f - Tornado               Air            #######...   94%         9    #######
g - Bolt of Magma         Conj/Fire/Erth #######...   1%          5    None
h - Conjure Flame         Conj/Fire      ######..     1%          3    None
i - Bolt of Draining      Conj/Necr      #######...   1%          5    None
z - Sublimation of Blood  Necr           ########..   0%          2    None

Your spell library contained the following spells:

 Spells                   Type           Power        Failure   Level  Hunger
 Animate Skeleton         Necr           N/A          0%          1    None
 Beastly Appendage        Tmut           ######       0%          1    None
 Pain                     Necr           ####         0%          1    None
 Corpse Rot               Necr           N/A          0%          2    None
 Passwall                 Tmut/Erth      ########     0%          2    None
 Apportation              Tloc           ####..       1%          1    None
 Confusing Touch          Hex            ####..       1%          1    None
 Corona                   Hex            ####...      1%          1    None
 Magic Dart               Conj           ####         1%          1    None
 Shock                    Conj/Air       ####         1%          1    None
 Sting                    Conj/Pois      ####         1%          1    None
 Summon Butterflies       Summ           ####....     1%          1    None
 Summon Small Mammal      Summ           ####         1%          1    None
 Call Imp                 Summ           ####....     1%          2    None
 Poisonous Vapours        Pois/Air       ######       1%          2    None
 Searing Ray              Conj           ######       1%          2    None
 Swiftness                Chrm/Air       #######.     1%          2    None
 Ensorcelled Hibernation  Hex/Ice        ####..       2%          2    None
 Slow                     Hex            ####....     2%          2    None
 Stone Arrow              Conj/Erth      ######       0%          3    None
 Vampiric Draining        Necr           ########..   0%          3    None
 Animate Dead             Necr           N/A          0%          4    None
 Petrify                  Tmut/Erth      ########     0%          4    None
 Lee's Rapid Deconstruct  Erth           ########..   0%          5    None
 Dazzling Spray           Conj/Hex       #####.       1%          3    None
 Ignite Poison            Fire/Tmut/Pois ######..     1%          3    None
 Inner Flame              Hex/Fire       #####...     1%          3    None
 Mephitic Cloud           Conj/Pois/Air  ######..     1%          3    None
 Static Discharge         Conj/Air       #######.     1%          3    None
 Airstrike                Air            #######...   1%          4    None
 Ice Form                 Ice/Tmut       #######.     1%          4    None
 Iskenderun's Mystic Bla  Conj           ######..     1%          4    None
 Leda's Liquefaction      Hex/Erth       #######...   1%          4    None
 Alistair's Intoxication  Tmut/Pois      #######.     1%          5    None
 Irradiate                Conj/Tmut      #######...   1%          5    None
 Lightning Bolt           Conj/Air       #######...   1%          5    None
 Silence                  Hex/Air        ######....   1%          5    None
 Yara's Violent Unravell  Hex/Tmut       #######...   1%          5    None
 Death Channel            Necr           ########..   1%          6    ##.....
 Hydra Form               Tmut           ########..   1%          6    ##.....
 Iron Shot                Conj/Erth      #######...   1%          6    ##.....
 Statue Form              Tmut/Erth      ########.    1%          6    ##.....
 Dragon Form              Tmut           ########..   1%          7    ####...
 Call Canine Familiar     Summ           ####....     3%          3    None
 Gell's Gravitas          Tloc           ####......   4%          3    None
 Lesser Beckoning         Tloc           ####......   4%          3    None
 Force Lance              Conj/Tloc      ######..     4%          4    None
 Borgnjor's Revivificati  Necr           ########..   4%          8    ######.
 Infestation              Necr           ########..   4%          8    ######.
 Confuse                  Hex            ####....     5%          3    None
 Tukima's Dance           Hex            ####....     5%          3    None
 Fulminant Prism          Conj/Hex       #####.....   5%          4    None
 Fireball                 Conj/Fire      ######....   5%          5    None
 Simulacrum               Ice/Necr       #######...   6%          6    ##.....
 Passage of Golubria      Tloc           N/A          13%         4    None
 Freezing Cloud           Conj/Ice/Air   ######....   14%         6    ##.....
 Summon Ice Beast         Ice/Summ       ####....     16%         4    None
 Venom Bolt               Conj/Pois      #####.....   16%         5    None
 Olgreb's Toxic Radiance  Pois           ####....     19%         4    None
 Haunt                    Necr/Summ      #######...   26%         7    ####...
 Bolt of Fire             Conj/Fire      ######....   28%         6    ##.....
 Summon Forest            Summ/Tloc      ####......   34%         5    None
 Summon Mana Viper        Hex/Summ       ####....     38%         5    None
 Metabolic Englaciation   Hex/Ice        ####......   45%         5    None
 Bolt of Cold             Conj/Ice       #####.....   63%         6    ##.....
 Death's Door             Chrm/Necr      #######...   73%         8    ######.
 Ring of Flames           Chrm/Fire      ######....   94%         7    ####...
 Darkness                 Hex            ####......   96%         6    ##.....
 Invisibility             Hex            ####....     96%         6    ##.....
 Ozocubu's Refrigeration  Ice            ####......   96%         6    ##.....
 Malign Gateway           Summ/Tloc      ####......   100%        7    ####...
 Monstrous Menagerie      Summ           ####......   100%        7    ####...
 Summon Greater Demon     Summ           ####......   100%        7    ####...
 Summon Hydra             Summ           ####......   100%        7    ####...
 Ignition                 Fire           ######....   100%        8    ######.
 Summon Horrible Things   Summ           ####......   100%        8    ######.
 Blink                    Tloc           Unusable     N/A         2    N/A

Dungeon Overview and Level Annotations

Branches:
Dungeon (15/15)            Temple (1/1) D:4            Lair (6/6) D:8
  Swamp (4/4) Lair:4       Spider (4/4) Lair:2        Slime (0/5) Lair:5
    Orc (2/2) D:11            Elf (3/3) Orc:2        Vaults (5/5) D:13
  Crypt (3/3) Vaults:3       Tomb (3/3) Crypt:3      Depths (0/5) D:15
  IceCv (visited)         Volcano (visited)

Altars:
Ashenzari
Cheibriados
Dithmenos
Elyvilon
Fedhas
Gozag
Hepliaklqana
Kikubaaqudgha
Makhleb
Nemelex Xobeh
Okawaru
Qazlal
Ru
Sif Muna
Trog
Uskayaw
Vehumet
Wu Jian
Xom
Yredelemnul
Zin
The Shining One
Jiyva

Shops:
D:7 (%*   D:10 %   D:12 (   D:13 [   D:14 (   D:15 }:}!   Orc:1 ?(   Orc:2 %*!*
Vaults:1 [!   Vaults:2 [   Vaults:4 =

Portals:
Trove: D:13 (give +3 storm dragon scales)


Innate Abilities, Weirdness & Mutations

You cannot be hasted, slowed, berserked, paralysed or teleported.
You can dig through walls and to a lower floor.
Your four strong arms can wield two-handed weapons with a shield.
You have a pair of large antennae on your head. (SInv)
You are partially covered in molten scales. (AC +2)
Your skin changes colour to match your surroundings (Stealth+).
You are somewhat resistant to further mutation.
Your natural rate of healing is unusually fast.
You expend magic power (3 MP) to strengthen your wands.


Message History

You block the death scarab's attack. The death scarab closely misses you.
The death scarab bites you but does no damage.
The death scarab bites you!!
The death scarab draws strength from your injuries!
You block the death scarab's attack. The death scarab bites you!!
The death scarab draws strength from your injuries!
The death scarab bites you but does no damage. [a] - 220 gold - resistance [b] - 374 gold - flight, resistance and might [c] - 315 gold - agility, flight and invisibility Purchase which effect?
You feel protected.
The zombie hands constrict the death scarab! x5
You block the death scarab's attack. The death scarab misses you.
The death scarab bites you!!
You die...
Your body crumbles into a pile of gold.

...^. #### .....##..###
...........##
...........##
#......^...##
#..........##
#.sss......#
#.s@s......##
##..........#
#..........#. $
##............ ..
#........^.... ...
#..............
##'####..............
###....##..............!
##.......##..............


You could see 5 death scarabs.

Vanquished Creatures
  Khufu (Crypt:2)
  Mennas (Vaults:2)
  Mara (Vaults:4)
  2 ancient liches
  35 greater mummies
  Bai Suzhen (Vaults:2)
  Frederick (Crypt:2)
  A profane servitor (Crypt:3)
  A golden dragon (Vaults:5)
  2 bone dragons
  The ghost of Gerad the Fencer, a veteran VSAK of Lugonu (Elf:3)
  Jorgrun (Spider:1)
  2 tentacled monstrosities
  A deep elf blademaster (Elf:3)
  Rupert (D:14)
  3 liches
  A quicksilver dragon (Vaults:4)
  A deep elf master archer (Elf:3)
  4 titans (Vaults:5)
  Frances (Spider:1)
  11 sphinxes
  A storm dragon (Vaults:5)
  8 ancient champions
  Roxanne (Elf:1)
  4 shadow dragons
  Kirke (Swamp:1)
  8 tengu reavers
  4 revenants
  3 thorn hunters
  2 deep elf sorcerers (Elf:3)
  2 fire giants
  6 ghost moths
  5 frost giants
  2 orc warlords
  3 emperor scorpions (Spider:4)
  14 vault wardens
  20 ghouls
  Aizul (Crypt:1)
  5 deep elf elementalists
  4 curse skulls
  23 ironheart preservers
  3 war gargoyles (Vaults:5)
  3 very ugly things
  5 entropy weavers
  12 stone giants
  12 bennus
  10 deep elf annihilators
  7 deep elf demonologists
  The ghost of ono the Skirmisher, a journeyman TrTm of Qazlal (Lair:4)
  Snorg (Lair:3)
  The ghost of Curus the Nimble, a journeyman MfGl of Yredelemnul (Lair:3)
  2 spark wasps (Spider:4)
  A crystal guardian (Vaults:3)
  11 eidola
  30 mummy priests
  3 deep elf high priests
  The ghost of Casefot the Carver, a journeyman DsGl of Okawaru (D:15)
  6 ettins
  9 yaktaur captains
  8 deep elf death magi
  3 fire dragons
  9 jiangshi
  Josephine (D:14)
  A death ooze (Lair:4)
  3 quicksilver dragon zombies
  2 great orbs of eyes
  2 ice dragons
  29 vault guards
  8 centaur warriors
  3 rakshasas
  Harold (D:11)
  15 hydras
  3 shambling mangroves
  2 ghost crabs
  6 ogre magi
  9 alligators
  16 two-headed ogres
  7 death knights
  3 catoblepae
  The ghost of Delamore the Severer, a novice HOMo of Qazlal (D:9)
  5 vampire magi
  3 deep troll shamans
  6 death yaks
  97 death scarabs
  A shock serpent (shapeshifter) (Elf:2)
  A deep troll earth mage (Vaults:2)
  Urug (D:13)
  A tengu warrior (D:15)
  29 deep elf knights
  5 orc high priests (Orc:2)
  4 storm dragon zombies
  3 titan zombies
  Sonja (Lair:2)
  4 spriggans
  4 titan skeletons
  2 soul eaters (Crypt:2)
  2 shadow wraiths
  2 golden dragon zombies
  A salamander mystic (Volcano)
  30 skeletal warriors
  2 hell knights
  A spectral death yak (Lair:3)
  A death drake (Swamp:4)
  A glowing orange brain (Vaults:3)
  2 anaconda zombies
  5 unseen horrors
  2 spriggan druids
  12 deep trolls
  A wizard (Vaults:1)
  4 flayed ghosts
  4 swamp dragons
  A shadow dragon zombie (Crypt:3)
  7 harpies
  36 phantasmal warriors
  A spectral hydra (Swamp:4)
  A lindwurm (Lair:6)
  21 deep elf archers
  8 necromancers
  20 ironbrand convokers
  15 orc knights
  2 fire giant zombies
  2 cyclopes (shapeshifter)
  An orc sorcerer (Orc:1)
  2 frost giant zombies
  20 orb spiders
  88 deep elf magi
  31 ugly things
  8 cyclopes
  An iron dragon skeleton (Tomb:2)
  A moth of wrath (shapeshifter) (D:12)
  45 wolf spiders
  2 manticores
  5 salamanders (Volcano)
  An ice statue (IceCv)
  2 moths of wrath
  10 elephants
  7 black mambas
  2 centaur zombies
  A fire giant skeleton (Tomb:3)
  A water nymph (shapeshifter) (Vaults:5)
  11 vault sentinels
  A dire elephant zombie (Crypt:3)
  4 torpor snails
  2 gargoyles
  A death yak zombie (Lair:3)
  A centaur skeleton (D:10)
  17 spiny frogs
  A spiny frog (shapeshifter) (Vaults:1)
  13 freezing wraiths
  4 swamp worm zombies (Swamp:4)
  21 yaktaurs
  10 komodo dragons
  4 rime drakes
  A harpy zombie (D:14)
  A tengu conjurer (D:15)
  6 demonic crawlers
  2 efreet (D:15)
  A death yak skeleton (Lair:5)
  44 guardian mummies
  A black draconian skeleton (Crypt:1)
  37 jumping spiders
  3 human skeletons (Vaults:1)
  10 hydra zombies
  A queen ant zombie (Crypt:1)
  10 tyrant leeches
  2 trolls (shapeshifter)
  A queen bee (shapeshifter) (Elf:3)
  6 trolls
  A fire dragon zombie (Crypt:3)
  3 spectral swamp dragons (Swamp:4)
  20 polar bears
  19 slime creatures
  3 alligator zombies
  A hornet (shapeshifter) (D:12)
  17 hornets
  2 dream sheep (Lair:6)
  12 blink frogs
  An ice dragon zombie (Crypt:3)
  A spectral dream sheep (Lair:3)
  A frost giant simulacrum (Tomb:2)
  4 hydra skeletons
  7 hippogriffs
  13 bog bodies
  An ettin skeleton (Crypt:1)
  Sigmund (D:6)
  A wind drake zombie (Crypt:1)
  A meliai zombie (D:10)
  76 redbacks
  A fire dragon skeleton (Crypt:2)
  14 wraiths
  2 redbacks (shapeshifter) (Vaults:5)
  A spriggan (shapeshifter) (Vaults:3)
  An air elemental (Elf:1)
  4 shadows
  A vampire (D:15)
  34 flying skulls
  A water elemental (Elf:2)
  5 wyverns
  A black mamba zombie (Lair:3)
  A dire elephant simulacrum (Crypt:1)
  31 tarantellas
  69 yaks
  9 ushabtiu
  5 basilisks
  A tyrant leech zombie (Crypt:2)
  23 vampire mosquitoes
  6 hogs (Swamp:1)
  2 fire elementals
  3 hungry ghosts
  A yaktaur simulacrum (Vaults:2)
  Edmund (D:6)
  A glowing shapeshifter zombie (Crypt:2)
  2 spectral spiny frogs (Lair:3)
  2 two-headed ogre zombies (D:11)
  16 insubstantial wisps
  2 wargs
  12 swamp worms
  An acid dragon (Vaults:1)
  5 soldier ants
  11 water moccasins
  7 spiny frog zombies
  A water moccasin (shapeshifter) (Vaults:5)
  6 swamp drakes
  A deep troll skeleton (Crypt:2)
  5 porcupines
  42 orc warriors
  2 snapping turtle zombies
  2 spectral torpor snails (Lair:3)
  A spiny frog skeleton (Lair:5)
  2 swamp dragon zombies (Swamp:4)
  12 phantoms
  A hornet zombie (D:7)
  4 ice beasts
  The ghost of Delamore the Chopper, an amateur HOFi (D:3)
  3 sky beasts
  A dream sheep zombie (Lair:4)
  26 ogres
  A swamp dragon skeleton (Crypt:1)
  A black bear (D:8)
  An elephant zombie (Lair:5)
  2 lindwurm zombies
  19 wolves
  22 necrophages
  An ice dragon simulacrum (Crypt:1)
  A manticore skeleton (Crypt:2)
  24 centaurs
  5 crocodiles
  3 lindwurm skeletons
  A dream sheep skeleton (Lair:3)
  An elephant skeleton (Crypt:2)
  A hog skeleton (Crypt:2)
  A fire crab zombie (Lair:5)
  5 big kobolds
  2 salamander zombies (Volcano)
  3 earth elementals
  A komodo dragon zombie (Lair:5)
  17 bullfrogs
  A salamander skeleton (Volcano)
  A spiny frog simulacrum (Lair:3)
  A cyclops zombie (D:11)
  A komodo dragon skeleton (Lair:5)
  A wyvern zombie (D:14)
  An ogre simulacrum (Vaults:1)
  2 water moccasin zombies (Lair:6)
  10 wyvern skeletons
  10 scorpions
  2 water moccasin skeletons
  A raiju zombie (Crypt:2)
  2 troll zombies (D:11)
  10 wights
  15 killer bees
  A howler monkey (D:8)
  A spriggan skeleton (Crypt:1)
  6 electric eels
  A torpor snail simulacrum (Lair:3)
  A wolf zombie (Lair:5)
  2 crimson imps
  A quasit (D:9)
  2 bullfrog zombies
  A soldier ant zombie (D:11)
  7 hounds
  A human zombie (Crypt:3)
  2 bullfrog skeletons
  33 orc priests
  11 jellies
  21 orc wizards
  Jessica (D:8)
  Natasha (thrice) (D:2)
  4 iguanas
  3 porcupine zombies
  3 spectral swamp drakes (Swamp:4)
  5 worker ants
  A tengu zombie (Crypt:2)
  6 ogre zombies
  A big kobold skeleton (Crypt:1)
  A crocodile zombie (Lair:6)
  A demigod skeleton (Crypt:1)
  A naga skeleton (Crypt:1)
  55 mummies
  11 gnolls
  A howler monkey skeleton (D:4)
  15 adders
  A swamp drake zombie (Swamp:4)
  5 shadow imps
  A halfling zombie (Crypt:2)
  7 oozes
  2 adder skeletons
  2 adder zombies
  3 worms
  11 leopard geckos
  103 orcs
  5 ball pythons
  6 giant cockroaches
  5 goblins
  2 hobgoblins
  16 jackals
  4 quokkas
  3 bats
  2 frilled lizards
  A goblin skeleton (D:11)
  3 goblin zombies (D:11)
  3 hobgoblin skeletons
  2 hobgoblin zombies (D:11)
  A jackal skeleton (D:4)
  21 kobolds
  2 leopard gecko skeletons
  5 orc skeletons (D:11)
  13 orc zombies
  A quokka skeleton (D:9)
  9 rats
  5 fungi
  6 plants
  5 withered plants (Crypt:3)
2434 creatures vanquished.

Vanquished Creatures (others)
  44 dancing weapons
  2 deep elf magi
  A hornet (Vaults:5)
  A hydra skeleton (Crypt:1)
  2 black bears (Elf:1)
  A phantom (Swamp:4)
  5 electric eels
  A jelly (D:15)
  A kobold (D:8)
  9 fungi
  9 plants
  4 toadstools (D:12)
  2 withered plants (Crypt:3)
82 creatures vanquished.

Grand Total: 2516 creatures vanquished

Notes
Turn   | Place    | Note
-------+----------+-------------------------------------------
     0 | D:1      | DildoBatman the Formicid Wizard began the quest for the
                  | Orb.
     0 | D:1      | Reached XP level 1. HP: 13/13 MP: 4/4
    64 | D:1      | Reached skill level 1 in Conjurations
   226 | D:1      | Reached XP level 2. HP: 13/19 MP: 0/6
  1002 | D:2      | Reached XP level 3. HP: 21/24 MP: 2/7
  1007 | D:2      | Learned a level 3 spell: Conjure Flame
  1011 | D:2      | Learned a level 3 spell: Mephitic Cloud
  1237 | D:2      | Reached XP level 4. HP: 21/30 MP: 1/8
  1493 | D:2      | Reached XP level 5. HP: 14/35 MP: 1/9
  2340 | D:3      | Noticed Natasha
  2416 | D:3      | Found a faded altar of an unknown god.
  2422 | D:3      | Reached XP level 6. HP: 33/41 MP: 4/10
  2428 | D:3      | Found a runed translucent door.
  2432 | D:3      | Noticed Delamore's ghost (amateur HOFi)
  2445 | D:3      | Reached skill level 5 in Conjurations
  2522 | D:3      | Found a runed translucent door.
  3364 | D:3      | Reached XP level 7. HP: 36/46 MP: 6/11
  3425 | D:4      | Reached skill level 1 in Fire Magic
  3438 | D:4      | Reached skill level 1 in Air Magic
  3889 | D:4      | Found a staircase to the Ecumenical Temple.
  3896 | Temple   | Entered the Ecumenical Temple
  4137 | Temple   | Became a worshipper of Kikubaaqudgha
  4264 | D:2      | Killed Natasha
  4307 | D:2      | Noticed Natasha
  4313 | D:2      | Killed Natasha
  4361 | D:2      | Noticed Natasha
  4375 | D:2      | Killed Natasha
  4553 | D:5      | Entered Level 5 of the Dungeon
  4553 | D:5      | Found a basalt altar of Yredelemnul.
  4979 | D:5      | Reached XP level 8. HP: 25/52 MP: 9/12
  5450 | D:6      | Found a sacrificial altar of Ru.
  5450 | D:6      | Found a shimmering altar of Xom.
  5504 | D:6      | Reached * piety under Kikubaaqudgha
  5504 | D:6      | Identified Kikubaaqudgha's Guide on Evil Magic
                  | (Kikubaaqudgha gifted it to you on level 6 of the Dungeon)
  5504 | D:6      | Received a gift from Kikubaaqudgha
  5523 | D:6      | Learned a level 2 spell: Sublimation of Blood
  5527 | D:6      | Learned a level 3 spell: Regeneration
  5672 | D:6      | Noticed Edmund
  5725 | D:6      | Noticed Sigmund
  5744 | D:6      | Killed Sigmund
  5744 | D:6      | Reached skill level 1 in Charms
  5744 | D:6      | Reached skill level 1 in Necromancy
  5769 | D:6      | Killed Edmund
  6032 | D:6      | Noticed a manticore
  6092 | D:6      | Killed a manticore
  6092 | D:6      | Reached skill level 5 in Fire Magic
  6092 | D:6      | Reached XP level 9. HP: 48/57 MP: 13/13
  6626 | D:7      | Noticed a hippogriff
  6653 | D:7      | Killed a hippogriff
  6653 | D:7      | Reached skill level 5 in Air Magic
  6688 | D:7      | Found a hazy altar of Hepliaklqana.
  6840 | D:7      | Found Moshras's General Store.
  6974 | D:7      | Reached skill level 1 in Shields
  7001 | D:7      | Reached ** piety under Kikubaaqudgha
  7020 | D:7      | Found Lozol's Food Boutique.
  7079 | D:7      | You fall into a shaft and drop 1 floor!
  7109 | D:8      | Found a stormy altar of Qazlal.
  7139 | D:8      | Reached XP level 10. HP: 63/63 MP: 5/14
  7140 | D:8      | Reached skill level 5 in Shields
  7321 | D:8      | Found a snail-covered altar of Cheibriados.
  7380 | D:8      | Found a staircase to the Lair.
  7514 | D:8      | Noticed a two-headed ogre
  7538 | D:8      | Killed a two-headed ogre
  7781 | D:8      | Reached skill level 5 in Necromancy
  7843 | D:8      | Noticed Jessica
  7845 | D:8      | Killed Jessica
  7855 | D:8      | Gained mutation: Scrolls take you a little longer to read.
                  | [potion of mutation]
  7855 | D:8      | Gained mutation: Scrolls take you longer to read. [potion
                  | of mutation]
  7855 | D:8      | Gained mutation: Your skin changes colour to match your
                  | surroundings (Stealth+). [potion of mutation]
  7855 | D:8      | Gained mutation: You possess an exceptional clarity of
                  | mind. [potion of mutation]
  7858 | D:8      | Found a shimmering blue altar of Sif Muna.
  7999 | D:7      | Reached *** piety under Kikubaaqudgha
  7999 | D:7      | Identified Kikubaaqudgha's Disquisition on Dark Rites
                  | (Kikubaaqudgha gifted it to you on level 7 of the Dungeon)
  7999 | D:7      | Received a gift from Kikubaaqudgha
  8109 | D:7      | Found Raifusor's Antique Weapon Emporium.
  8585 | D:9      | Learned a level 5 spell: Dispel Undead
  8774 | D:3      | Killed Delamore's ghost
  9078 | D:9      | Found a burning altar of Makhleb.
  9158 | D:9      | Found a transporter.
  9246 | D:9      | Reached XP level 11. HP: 56/68 MP: 14/18
  9300 | D:9      | Found a transporter.
  9303 | D:9      | Noticed Delamore's ghost (novice HOMo)
  9312 | D:9      | Noticed a moth of wrath
  9325 | D:9      | Reached skill level 5 in Spellcasting
  9413 | D:9      | Found a shadowy altar of Dithmenos.
  9580 | D:9      | Found a blossoming altar of Fedhas.
  9825 | D:10     | Entered Level 10 of the Dungeon
  9838 | D:10     | Reached **** piety under Kikubaaqudgha
 10625 | D:10     | Found Ruatin Nie's Food Shop.
 10639 | D:10     | Learned a level 5 spell: Borgnjor's Vile Clutch
 10712 | D:10     | Reached skill level 1 in Earth Magic
 10903 | D:11     | Noticed a two-headed ogre
 10915 | D:11     | Reached skill level 2 in Earth Magic
 10919 | D:11     | Killed a two-headed ogre
 10919 | D:11     | Reached skill level 3 in Earth Magic
 10922 | D:11     | Reached skill level 4 in Earth Magic
 10938 | D:11     | Reached skill level 5 in Earth Magic
 11028 | D:10     | Reached skill level 6 in Earth Magic
 11125 | D:11     | Found a frozen archway.
 11133 | IceCv    | Entered an ice cave
 11179 | IceCv    | Reached skill level 7 in Earth Magic
 11179 | IceCv    | Reached XP level 12. HP: 28/74 MP: 3/22
 11427 | IceCv    | Reached skill level 8 in Earth Magic
 11429 | IceCv    | Reached ***** piety under Kikubaaqudgha
 11486 | IceCv    | Reached skill level 9 in Earth Magic
 11580 | IceCv    | Reached skill level 1 in Fighting
 11580 | IceCv    | Reached skill level 1 in Armour
 11710 | IceCv    | Noticed a death yak
 11718 | IceCv    | Killed a death yak
 11720 | IceCv    | Noticed a death yak
 11732 | IceCv    | Killed a death yak
 11967 | IceCv    | Noticed a frost giant
 11976 | IceCv    | Noticed a death yak
 11993 | IceCv    | Killed a death yak
 12046 | IceCv    | Killed a frost giant
 12046 | IceCv    | Reached skill level 5 in Fighting
 12046 | IceCv    | Reached skill level 5 in Armour
 12046 | IceCv    | Reached XP level 13. HP: 40/91 MP: 0/23
 12468 | D:11     | Reached skill level 5 in Dodging
 13109 | D:11     | Noticed Harold
 13116 | D:11     | Killed Harold
 13168 | D:11     | Found a staircase to the Orcish Mines.
 13267 | D:11     | Reached ****** piety under Kikubaaqudgha
 13325 | D:10     | Received a gift from Kikubaaqudgha
 13330 | D:10     | Fell from the grace of Kikubaaqudgha
 13534 | Temple   | Became a worshipper of Gozag Ym Sagoz the Greedy
 13689 | D:7      | Bought a potion of brilliance for 60 gold pieces
 13758 | D:7      | Bought a dazzling spear for 224 gold pieces
 13758 | D:7      | Identified the +7 spear "Suinymiu" {pierce, MR- Str+5
                  | Dex+5} (You bought it in a shop on level 7 of the Dungeon)
 14210 | D:8      | Lost mutation: Scrolls take you longer to read. [potion of
                  | mutation]
 14210 | D:8      | Lost mutation: Scrolls take you a little longer to read.
                  | [potion of mutation]
 14210 | D:8      | Gained mutation: Armour fits poorly on your strangely
                  | shaped body. [potion of mutation]
 14210 | D:8      | Gained mutation: You evolve. [potion of mutation]
 14214 | Lair:1   | Entered Level 1 of the Lair of Beasts
 15123 | Lair:1   | Gained mutation: You are partially covered in iridescent
                  | scales. (AC +2) [evolution]
 15797 | Lair:2   | Found a hole to the Spider Nest.
 15925 | Lair:2   | Noticed Sonja
 15929 | Lair:2   | Killed Sonja
 15929 | Lair:2   | Reached XP level 14. HP: 105/105 MP: 18/24
 16570 | Lair:3   | Noticed Snorg
 16579 | Lair:3   | Killed Snorg
 16781 | Lair:3   | You fall into a shaft and drop 2 floors!
 16781 | Lair:5   | Found a staircase to the Slime Pits.
 16960 | Lair:5   | You fall into a shaft and drop 1 floor!
 16960 | Lair:6   | Entered Level 6 of the Lair of Beasts
 17159 | Lair:6   | Found a dark tunnel.
 17174 | Volcano  | Entered a volcano
 17432 | Volcano  | Reached skill level 10 in Armour
 17536 | Volcano  | Reached skill level 10 in Fighting
 18004 | Lair:6   | Reached skill level 10 in Spellcasting
 18004 | Lair:6   | Reached XP level 15. HP: 44/113 MP: 0/29
 18153 | Lair:6   | Got a heavily runed ivory amulet
 18155 | Lair:6   | Identified the amulet "Jooczuas" {Gourm rF+} (You found it
                  | on level 6 of the Lair of Beasts)
 19987 | Lair:4   | Found a runed translucent gate.
 19988 | Lair:4   | Found a runed translucent gate.
 19989 | Lair:4   | Found a runed translucent gate.
 20010 | Lair:4   | Noticed ono's ghost (journeyman TrTm)
 20012 | Lair:4   | Found a viscous altar of Jiyva.
 20044 | Lair:4   | You fall into a shaft and drop 2 floors!
 20346 | Lair:4   | Found a staircase to the Swamp.
 20784 | Lair:3   | Was forgiven by Kikubaaqudgha
 20868 | Lair:3   | Found a runed translucent gate.
 20868 | Lair:3   | Found a runed translucent gate.
 20869 | Lair:3   | Found a runed translucent gate.
 20944 | Lair:3   | Noticed Curus's ghost (journeyman MfGl)
 20946 | Lair:3   | Got a bound steel ring
 21661 | Lair:3   | Killed Curus's ghost
 21747 | Lair:3   | Got a steaming hand crossbow
 21748 | Lair:3   | Identified the +7 hand crossbow of Calculation {penet, +Inv
                  | rF++ Str-5 SInv} (You found it on level 3 of the Lair of
                  | Beasts)
 21794 | D:8      | Identified the ring "Rutumpoj" {rF+ Dex+4} (You found it on
                  | level 3 of the Lair of Beasts)
 21901 | Orc:1    | Entered Level 1 of the Orcish Mines
 21902 | Orc:1    | Noticed an orc warlord
 21926 | Orc:1    | Killed an orc warlord
 22175 | Orc:1    | Found Lerig's Weapon Shoppe.
 22251 | Orc:1    | Found Vianlil's Magic Scroll Shop.
 22258 | Orc:1    | Bought a scroll of identify for 26 gold pieces
 22258 | Orc:1    | Bought a scroll of noise for 13 gold pieces
 22258 | Orc:1    | Bought 2 scrolls of fear for 91 gold pieces
 22258 | Orc:1    | Bought 2 scrolls of identify for 52 gold pieces
 22517 | Orc:2    | Entered Level 2 of the Orcish Mines
 22604 | Orc:2    | Found a staircase to the Elven Halls.
 22833 | Orc:2    | Noticed an orc warlord
 22847 | Orc:2    | Killed an orc warlord
 23267 | Orc:2    | Reached XP level 16. HP: 73/122 MP: 11/34
 23364 | Orc:2    | Found Goafutuv's Assorted Antiques.
 23376 | Orc:2    | Found Lyuxir's Food Shop.
 23381 | Orc:2    | Found Qoamniofa's Distillery.
 23383 | Orc:2    | Found Hetuosiz's Assorted Antiques.
 23386 | Orc:2    | Bought a wand of iceblast (5) for 132 gold pieces
 23386 | Orc:2    | Bought a scroll labeled VUMEIPH IWKEP for 33 gold pieces
 23386 | Orc:2    | Bought a scroll labeled BEIN NAVARCHE for 33 gold pieces
 23386 | Orc:2    | Bought a potion of agility for 132 gold pieces
 23386 | Orc:2    | Bought a warped cloak for 313 gold pieces
 23391 | Orc:2    | Identified the cursed +0 cloak of the Flute {*Corrode rElec
                  | rF+ MR+++} (You bought it in a shop on level 2 of the
                  | Orcish Mines)
 23392 | Orc:2    | Bought a potion of degeneration for 16 gold pieces
 23392 | Orc:2    | Bought 2 potions of curing for 96 gold pieces
 23392 | Orc:2    | Bought 2 potions of curing for 96 gold pieces
 23392 | Orc:2    | Bought a potion of brilliance for 64 gold pieces
 23392 | Orc:2    | Bought a potion of agility for 64 gold pieces
 23392 | Orc:2    | Bought a potion of mutation for 128 gold pieces
 23392 | Orc:2    | Bought a potion of cancellation for 128 gold pieces
 23392 | Orc:2    | Bought 2 potions of might for 128 gold pieces
 23392 | Orc:2    | Bought a potion of ambrosia for 128 gold pieces
 23395 | Orc:2    | Bought a scroll of enchant armour for 187 gold pieces
 23395 | Orc:2    | Bought a scroll of identify for 50 gold pieces
 23395 | Orc:2    | Bought a scroll of identify for 50 gold pieces
 23395 | Orc:2    | Bought a scroll of fog for 50 gold pieces
 23395 | Orc:2    | Bought a lumpy blue potion for 22 gold pieces
 23395 | Orc:2    | Bought a translucent quick blade for 500 gold pieces
 23397 | Orc:2    | Identified the +8 quick blade of Harmony {venom, *Corrode
                  | rPois rF++ Int+3} (You bought it in a shop on level 2 of
                  | the Orcish Mines)
 23399 | Orc:2    | Identified 3 scrolls of acquirement
 23414 | Orc:2    | Gained mutation: Your body sometimes deteriorates upon
                  | taking damage. [evolution]
 23883 | D:12     | Found a transporter.
 23891 | D:12     | Found the amulet of the Four Winds {rN+ MR+++ Clar}
 23891 | D:12     | Found a transporter.
 24271 | D:12     | Found Geimakhlo's Weapon Boutique.
 24447 | D:13     | Found a basalt altar of Yredelemnul.
 24608 | D:13     | Found a portal to a secret trove of treasure.
 24713 | D:13     | Found Weukoto's Armour Shop.
 24788 | D:13     | Noticed Urug
 24800 | D:13     | Killed Urug
 24800 | D:13     | Reached skill level 15 in Spellcasting
 24960 | D:13     | Found a gate to the Vaults.
 25238 | D:14     | Found Iloxeome's Weapon Boutique.
 25320 | D:14     | Noticed Rupert
 25338 | D:14     | Killed Rupert
 25409 | D:14     | Reached skill level 10 in Earth Magic
 25473 | D:14     | Noticed Josephine
 25501 | D:14     | Killed Josephine
 25745 | D:14     | Reached skill level 10 in Necromancy
 25801 | D:15     | Entered Level 15 of the Dungeon
 25948 | D:15     | Found Baschedgh's Gadget Boutique.
 26032 | D:15     | Bought a wand of acid (14) for 612 gold pieces
 26148 | D:15     | Reached skill level 11 in Earth Magic
 26195 | D:15     | Found Umedd's Book Boutique.
 26217 | D:15     | Learned a level 5 spell: Bolt of Draining
 26217 | D:15     | Bought a book of the Earth for 845 gold pieces
 26243 | D:15     | Found Iloe's Distillery.
 26251 | D:15     | Bought a potion of curing for 51 gold pieces
 26251 | D:15     | Bought a potion of curing for 51 gold pieces
 26251 | D:15     | Bought a potion of curing for 51 gold pieces
 26251 | D:15     | Bought a potion of might for 68 gold pieces
 26251 | D:15     | Bought a potion of resistance for 170 gold pieces
 26251 | D:15     | Bought a potion of mutation for 136 gold pieces
 26251 | D:15     | Bought 2 potions of heal wounds for 170 gold pieces
 26251 | D:15     | Bought a potion of brilliance for 68 gold pieces
 26294 | D:15     | Found Bademn's Gadget Shoppe.
 26304 | D:15     | Bought a wand of acid (9) for 364 gold pieces
 26344 | D:15     | Found a staircase to the Depths.
 26403 | D:15     | Found a runed translucent door.
 26404 | D:15     | Noticed Casefot's ghost (journeyman DsGl)
 26409 | D:15     | Killed Casefot's ghost
 26789 | D:9      | Killed Delamore's ghost
 26966 | D:12     | Reached XP level 17. HP: 126/128 MP: 19/36
 27219 | Lair:4   | Killed ono's ghost
 27226 | Lair:4   | Reached skill level 12 in Earth Magic
 27257 | Lair:4   | Got a shimmering leather armour
 27269 | Lair:4   | Identified the cursed +0 leather armour "Beebaall" {*Slow
                  | rElec rN+++ Dex-5} (You found it on level 4 of the Lair of
                  | Beasts)
 27438 | Swamp:1  | Entered Level 1 of the Swamp
 27707 | Swamp:1  | Noticed Kirke
 27734 | Swamp:1  | Killed Kirke
 28125 | Swamp:2  | Noticed a thorn hunter
 28205 | Swamp:2  | Killed a thorn hunter
 28262 | Swamp:2  | Reached skill level 13 in Earth Magic
 28770 | Swamp:2  | Found an iron altar of Okawaru.
 29129 | Swamp:3  | Noticed a tentacled monstrosity
 29151 | Swamp:3  | Killed a tentacled monstrosity
 29151 | Swamp:3  | Reached skill level 14 in Earth Magic
 29422 | Swamp:3  | Noticed a thorn hunter
 29427 | Swamp:3  | Killed a thorn hunter
 29478 | Swamp:3  | Reached skill level 15 in Earth Magic
 29896 | Swamp:4  | Entered Level 4 of the Swamp
 29925 | Swamp:4  | Noticed a thorn hunter
 29934 | Swamp:4  | Killed a thorn hunter
 30142 | Swamp:4  | Reached XP level 18. HP: 120/134 MP: 28/37
 30156 | Swamp:4  | Reached skill level 16 in Earth Magic
 31170 | Swamp:4  | Reached skill level 17 in Earth Magic
 31206 | Swamp:4  | Noticed a bone dragon
 31297 | Swamp:4  | Killed a bone dragon
 31329 | Swamp:4  | Got a decaying rune of Zot
 31539 | Spider:1 | Entered Level 1 of the Spider Nest
 31864 | Spider:1 | Noticed Jorgrun
 31871 | Spider:1 | Killed Jorgrun
 31871 | Spider:1 | Reached skill level 18 in Earth Magic
 32037 | Spider:1 | Noticed Frances
 32047 | Spider:1 | Killed Frances
 32051 | Spider:1 | Lost mutation: Your body sometimes deteriorates upon taking
                  | damage. [evolution]
 32869 | Spider:2 | Reached XP level 19. HP: 115/139 MP: 32/38
 34359 | Spider:4 | Entered Level 4 of the Spider Nest
 34561 | Spider:4 | Reached skill level 15 in Necromancy
 35333 | Spider:4 | Got a gossamer rune of Zot
 35671 | Vaults:1 | Entered Level 1 of the Vaults
 35671 | Vaults:1 | Found Ynuomagi's Distillery.
 35972 | Vaults:1 | Bought a potion of magic for 136 gold pieces
 35972 | Vaults:1 | Bought 2 potions of brilliance for 136 gold pieces
 35972 | Vaults:1 | Bought a potion of curing for 51 gold pieces
 35972 | Vaults:1 | Bought a potion of agility for 68 gold pieces
 35972 | Vaults:1 | Bought a potion of brilliance for 68 gold pieces
 35972 | Vaults:1 | Bought a potion of curing for 51 gold pieces
 36088 | Vaults:1 | Fell from the grace of Gozag
 36596 | Temple   | Became a worshipper of Gozag Ym Sagoz the Greedy
 36860 | Vaults:1 | Bought a pair of distressingly furry gloves for 304 gold
                  | pieces
 36870 | Vaults:1 | Identified the +3 pair of gloves of the Hills {rElec
                  | Regen+} (You bought it in a shop on level 1 of the Vaults)
 36957 | Vaults:1 | Reached XP level 20. HP: 130/146 MP: 23/39
 37169 | Vaults:1 | Got a crude war axe
 37170 | Vaults:1 | Identified the +10 war axe of Xoonenarch {chaos, +Rage
                  | rF++} (You found it on level 1 of the Vaults)
 37830 | Vaults:1 | Found a shimmering blue altar of Sif Muna.
 37861 | Vaults:2 | Learned a level 8 spell: Necromutation
 37867 | Vaults:2 | Learned a level 5 spell: Bolt of Magma
 37877 | Vaults:2 | Learned a level 9 spell: Shatter
 37883 | Vaults:2 | Noticed a Hell Sentinel
 37888 | Vaults:2 | Reached skill level 1 in Transmutations
 38247 | Vaults:2 | Found Pemurou's Antique Armour Shoppe.
 38442 | Vaults:2 | Reached skill level 5 in Transmutations
 38933 | Vaults:2 | Noticed Mennas
 38938 | Vaults:2 | You fall into a shaft and drop 1 floor!
 38942 | Vaults:3 | Reached XP level 21. HP: 128/152 MP: 17/40
 39223 | Vaults:3 | Found a staircase to the Crypt.
 39905 | Vaults:3 | Reached skill level 10 in Transmutations
 40613 | Vaults:4 | Noticed Mara
 40632 | Vaults:4 | Noticed DildoBatman's illusion
 40641 | Vaults:4 | Killed Mara
 40744 | Vaults:4 | Found Terruf's Jewellery Shop.
 41653 | Vaults:4 | Reached XP level 22. HP: 153/158 MP: 25/41
 42318 | Vaults:2 | HP: 1/159 [Mennas/+2 eudemon blade of holy wrath (10)]
 42320 | Vaults:2 | Killed Mennas
 42395 | Vaults:2 | Noticed Bai Suzhen
 42398 | Vaults:2 | Reached skill level 10 in Shields
 42430 | Vaults:2 | Killed Bai Suzhen
 42465 | Vaults:2 | Got a steaming plate armour
 42502 | Vaults:2 | Identified the +3 plate armour "Kekhlod" {rPois MR- Dex+3
                  | Slay+5} (You found it on level 2 of the Vaults)
 42928 | Elf:1    | Entered Level 1 of the Elven Halls
 43232 | Elf:1    | Found Lukhlete's Weapon Emporium.
 43385 | Elf:1    | Noticed Roxanne
 43400 | Elf:1    | Killed Roxanne
 44117 | Elf:2    | Reached XP level 23. HP: 165/165 MP: 36/42
 44195 | Elf:2    | Reached skill level 15 in Shields
 44351 | Elf:2    | Found a runed translucent door.
 44379 | Elf:2    | Found a runed translucent door.
 44546 | Elf:2    | Reached skill level 15 in Transmutations
 44731 | Elf:2    | Gained mutation: Your body sometimes deteriorates upon
                  | taking damage. [evolution]
 45048 | Elf:3    | Entered Level 3 of the Elven Halls
 45269 | Elf:3    | Found a large runed translucent door.
 45269 | Elf:3    | Found a large runed translucent door.
 45272 | Elf:3    | Noticed Gerad's ghost (veteran VSAK)
 45282 | Elf:3    | Killed Gerad's ghost
 46326 | Elf:3    | Identified the +8 battleaxe of Wu Jian's Regard {drain,
                  | +Blink +Inv Int+5 Dex-5}
 46477 | Elf:3    | Got a brightly glowing hand axe
 46484 | Elf:3    | Got a bound tin ring
 46505 | Elf:3    | Got a faintly glowing hand crossbow
 46523 | Elf:3    | Identified the +2 hand axe of Urgency {chop, rN++} (You
                  | found it on level 3 of the Elven Halls)
 46525 | Elf:3    | Identified the cursed +1 hand crossbow "Eviscerator"
                  | {freeze, *Contam rC+ Dex+4} (You found it on level 3 of the
                  | Elven Halls)
 46527 | Elf:3    | Identified the ring "Ucooschi" {Ice Int+3} (You found it on
                  | level 3 of the Elven Halls)
 46760 | Elf:3    | Got a jet-encrusted plate armour
 46764 | Elf:3    | Got a faintly glowing scale mail
 46839 | Elf:3    | Identified the +7 plate armour "Opluli" {rPois rC- Dex+8
                  | SInv} (You found it on level 3 of the Elven Halls)
 46850 | Elf:3    | Identified the cursed +0 scale mail "Murat" {+Blink rPois}
                  | (You found it on level 3 of the Elven Halls)
 47179 | Crypt:1  | Entered Level 1 of the Crypt
 47187 | Crypt:1  | Got a heavily runed ring mail
 47198 | Crypt:1  | Identified the +4 ring mail of Spite {rElec rF- Slay+2
                  | Stlth+} (You found it on level 1 of the Crypt)
 47370 | Crypt:1  | Reached XP level 24. HP: 27/172 MP: 1/42
 48216 | Crypt:1  | Noticed Aizul
 48226 | Crypt:1  | Killed Aizul
 48480 | Crypt:2  | Reached skill level 19 in Earth Magic
 48590 | Crypt:2  | Noticed Frederick
 48602 | Crypt:2  | Killed Frederick
 48829 | Crypt:2  | Noticed Khufu
 48831 | Crypt:2  | Noticed a greater mummy
 48918 | Crypt:2  | Noticed a greater mummy
 48925 | Crypt:1  | Killed a greater mummy
 48925 | Crypt:1  | Reached skill level 20 in Earth Magic
 48985 | Crypt:1  | Killed a greater mummy
 49034 | Crypt:2  | Killed Khufu
 49528 | Crypt:3  | Entered Level 3 of the Crypt
 49665 | Crypt:3  | Reached skill level 21 in Earth Magic
 49812 | Crypt:3  | Reached XP level 25. HP: 177/177 MP: 35/42
 50204 | Crypt:3  | Found a basalt altar of Yredelemnul.
 50460 | Crypt:3  | Reached skill level 22 in Earth Magic
 50758 | Crypt:3  | Identified the Almanac of Floating Execration
 50760 | Crypt:3  | Identified the Almanac of Necromancy
 51141 | Crypt:3  | Found a staircase to the Tomb.
 51533 | Crypt:3  | Reached skill level 23 in Earth Magic
 51575 | Crypt:3  | Got a fine lajatang
 51576 | Crypt:3  | Identified the Almanac of Shifting Beguiling
 51608 | Crypt:3  | Identified the +7 lajatang of the Land of Plenty {venom,
                  | +Rage MR+ Int+5} (You found it on level 3 of the Crypt)
 51740 | Tomb:1   | Entered Level 1 of the Tomb of the Ancients
 52211 | Tomb:1   | Got a jade-encrusted scale mail
 52222 | Tomb:1   | Identified the +6 scale mail "Lysexus" {-Tele +Fly Str+7
                  | Slay+4} (You found it on level 1 of the Tomb of the
                  | Ancients)
 52260 | Tomb:1   | Noticed a greater mummy
 52291 | Tomb:1   | Killed a greater mummy
 52296 | Tomb:1   | Noticed a greater mummy
 52299 | Tomb:1   | Noticed a greater mummy
 52462 | Tomb:1   | Reached skill level 24 in Earth Magic
 52561 | Tomb:1   | Killed a greater mummy
 52695 | Tomb:1   | Identified the cursed +0 mace "Icsuicumn" {flame, Str+5}
 52718 | Tomb:1   | Reached XP level 26. HP: 149/184 MP: 5/42
 52993 | Tomb:1   | Noticed a greater mummy
 53005 | Tomb:1   | Noticed a greater mummy
 53008 | Tomb:1   | Noticed a greater mummy
 53011 | Tomb:1   | Noticed a greater mummy
 53015 | Tomb:1   | Killed a greater mummy
 53017 | Tomb:1   | Killed a greater mummy
 53108 | Tomb:1   | Noticed a greater mummy
 53110 | Tomb:1   | Killed a greater mummy
 53111 | Tomb:1   | Killed a greater mummy
 53180 | Tomb:1   | Noticed a greater mummy
 53181 | Tomb:1   | Killed a greater mummy
 53182 | Tomb:1   | Noticed a greater mummy
 53185 | Tomb:1   | Noticed a greater mummy
 53317 | Tomb:1   | Killed a greater mummy
 53317 | Tomb:1   | Reached skill level 25 in Earth Magic
 53317 | Tomb:1   | Killed a greater mummy
 53319 | Tomb:1   | Killed a greater mummy
 53396 | Tomb:1   | Noticed a greater mummy
 53409 | Tomb:1   | Killed a greater mummy
 53425 | Tomb:1   | Noticed a greater mummy
 53429 | Tomb:1   | Noticed a greater mummy
 53432 | Tomb:1   | Noticed a greater mummy
 53434 | Tomb:1   | Noticed a greater mummy
 53436 | Tomb:1   | Killed a greater mummy
 53491 | Tomb:1   | Noticed a greater mummy
 53500 | Tomb:1   | Killed a greater mummy
 53640 | Tomb:1   | Noticed a greater mummy
 53641 | Tomb:1   | Killed a greater mummy
 53645 | Tomb:1   | Killed a greater mummy
 53645 | Tomb:1   | Reached skill level 26 in Earth Magic
 53686 | Tomb:1   | Noticed a greater mummy
 53694 | Tomb:1   | Noticed a greater mummy
 53695 | Tomb:1   | Noticed a greater mummy
 53813 | Tomb:1   | Killed a greater mummy
 53813 | Tomb:1   | Killed a greater mummy
 53817 | Tomb:1   | Killed a greater mummy
 53836 | Tomb:1   | Killed a greater mummy
 53935 | Tomb:1   | Killed a greater mummy
 54119 | Tomb:1   | Killed a greater mummy
 54832 | Vaults:5 | Entered Level 5 of the Vaults
 54833 | Vaults:5 | Reached XP level 27. HP: 190/190 MP: 33/42
 54834 | Vaults:5 | Reached skill level 27 in Earth Magic
 54834 | Vaults:5 | Reached skill level 1 in Evocations
 54834 | Vaults:5 | Reached skill level 5 in Evocations
 54848 | Vaults:4 | Learned a level 9 spell: Tornado
 54924 | Vaults:5 | Noticed an ancient lich
 54925 | Vaults:5 | Killed an ancient lich
 55267 | Vaults:5 | Reached skill level 10 in Evocations
 55682 | Vaults:5 | Got a silver rune of Zot
 56077 | Vaults:5 | Got a glittering bronze ring
 56936 | Vaults:5 | Identified the ring "Bif Heemax" {rN+ MR+ Dex+2 Slay-4}
                  | (You found it on level 5 of the Vaults)
 56978 | Vaults:5 | Got a polished short sword
 57011 | Vaults:5 | Got a shimmering quarterstaff
 57016 | Vaults:5 | Got a smoking dire flail
 57017 | Vaults:5 | Identified the +8 dire flail of Famine {speed, rF+} (You
                  | found it on level 5 of the Vaults)
 57018 | Vaults:5 | Identified the +9 short sword "Gaigaoho" {pierce, *Slow
                  | rPois rC+} (You found it on level 5 of the Vaults)
 57019 | Vaults:5 | Identified the +5 quarterstaff of Big Damage {elec, Str+4}
                  | (You found it on level 5 of the Vaults)
 57312 | Tomb:1   | Lost mutation: You evolve. [potion of mutation]
 57312 | Tomb:1   | Lost mutation: You are partially covered in iridescent
                  | scales. (AC +2) [potion of mutation]
 57312 | Tomb:1   | Lost mutation: Armour fits poorly on your strangely shaped
                  | body. [potion of mutation]
 57312 | Tomb:1   | Gained mutation: You do not regenerate when monsters are
                  | visible. [potion of mutation]
 57312 | Tomb:1   | Gained mutation: You are partially covered in thin metallic
                  | scales. (AC +2) [potion of mutation]
 57313 | Tomb:1   | Lost mutation: You possess an exceptional clarity of mind.
                  | [potion of mutation]
 57313 | Tomb:1   | Lost mutation: Your body sometimes deteriorates upon taking
                  | damage. [potion of mutation]
 57313 | Tomb:1   | Gained mutation: You are frail. (-10% HP) [potion of
                  | mutation]
 57313 | Tomb:1   | Gained mutation: Your muscles are strong. (Str +2) [potion
                  | of mutation]
 57314 | Tomb:1   | Lost mutation: Your muscles are strong. (Str +2) [potion of
                  | mutation]
 57314 | Tomb:1   | Lost mutation: You are frail. (-10% HP) [potion of
                  | mutation]
 57314 | Tomb:1   | Gained mutation: You are partially covered in slimy green
                  | scales. (AC +2) [potion of mutation]
 57314 | Tomb:1   | Gained mutation: You are somewhat resistant to further
                  | mutation. [potion of mutation]
 57315 | Tomb:1   | Lost mutation: You are partially covered in thin metallic
                  | scales. (AC +2) [potion of mutation]
 57315 | Tomb:1   | Lost mutation: You are somewhat resistant to further
                  | mutation. [potion of mutation]
 57315 | Tomb:1   | Lost mutation: You do not regenerate when monsters are
                  | visible. [potion of mutation]
 57315 | Tomb:1   | Gained mutation: You are dopey. (Int -2) [potion of
                  | mutation]
 57315 | Tomb:1   | Gained mutation: You expend magic power (3 MP) to
                  | strengthen your wands. [potion of mutation]
 57316 | Tomb:1   | Lost mutation: You are partially covered in slimy green
                  | scales. (AC +2) [potion of mutation]
 57316 | Tomb:1   | Lost mutation: You are dopey. (Int -2) [potion of mutation]
 57316 | Tomb:1   | Lost mutation: You expend magic power (3 MP) to strengthen
                  | your wands. [potion of mutation]
 57316 | Tomb:1   | Gained mutation: You are agile. (Dex +2) [potion of
                  | mutation]
 57316 | Tomb:1   | Gained mutation: You occasionally shout uncontrollably at
                  | your foes. [potion of mutation]
 57316 | Tomb:1   | Gained mutation: Your spells are a little harder to cast,
                  | but a little more powerful. [potion of mutation]
 57316 | Tomb:1   | Gained mutation: You expend magic power (3 MP) to
                  | strengthen your wands. [potion of mutation]
 57317 | Tomb:1   | Lost mutation: You occasionally shout uncontrollably at
                  | your foes. [potion of mutation]
 57317 | Tomb:1   | Lost mutation: Your spells are a little harder to cast, but
                  | a little more powerful. [potion of mutation]
 57317 | Tomb:1   | Lost mutation: You are agile. (Dex +2) [potion of mutation]
 57317 | Tomb:1   | Gained mutation: You are partially covered in molten
                  | scales. (AC +2) [potion of mutation]
 57317 | Tomb:1   | Gained mutation: Your natural rate of healing is unusually
                  | fast. [potion of mutation]
 57317 | Tomb:1   | Gained mutation: You are somewhat resistant to further
                  | mutation. [potion of mutation]
 57328 | Tomb:2   | Reached skill level 10 in Air Magic
 57328 | Tomb:2   | Noticed a greater mummy
 57328 | Tomb:2   | Noticed a greater mummy
 57331 | Tomb:2   | Noticed a greater mummy
 57360 | Tomb:2   | Noticed a greater mummy
 57360 | Tomb:2   | Noticed a greater mummy
 57363 | Tomb:2   | Killed a greater mummy
 57363 | Tomb:2   | Killed a greater mummy
 57388 | Tomb:2   | Killed a greater mummy
 57539 | Tomb:2   | Killed a greater mummy
 57747 | Tomb:2   | Killed a greater mummy
 58296 | Tomb:3   | Entered Level 3 of the Tomb of the Ancients
 58474 | Tomb:3   | Noticed a greater mummy
 58481 | Tomb:3   | Killed a greater mummy
 58553 | Tomb:3   | Noticed a greater mummy
 58570 | Tomb:3   | Noticed a greater mummy
 58592 | Tomb:3   | Killed a greater mummy
 58604 | Tomb:3   | Killed a greater mummy
 58610 | Tomb:3   | Noticed a greater mummy
 58612 | Tomb:3   | Reached skill level 15 in Air Magic
 58619 | Tomb:3   | Killed a greater mummy
 58620 | Tomb:3   | Noticed a greater mummy
 58627 | Tomb:3   | Noticed a greater mummy
 58631 | Tomb:3   | Killed a greater mummy
 58636 | Tomb:3   | Killed a greater mummy
 58753 | Tomb:3   | Noticed an ancient lich
 58756 | Tomb:3   | Noticed a greater mummy
 58775 | Tomb:3   | Killed an ancient lich
 58797 | Tomb:3   | Killed a greater mummy
 58962 | Tomb:3   | Mangled by a death scarab

Levels and vault maps discovered:
D:1:      minmay_arrival_cross, layout_basic, feat_on_display
D:2:      layout_rooms, serial_glass, glass_columns_b, glass_columns_a
D:3:      layout_basic, ebering_ghost_sewer_f, chequers_ecumenical_altar_simple,
          uniq_natasha
D:4:      layout_cave_pools, temple_green
D:5:      layout_loops_ring, yredelemnul_altar_generic, first_ration
D:6:      cheibrodos_two_vegetables, layout_cave_pools,
          chequers_temple_overflow_statue_of_worship, uniq_edmund, uniq_sigmund
D:7:      minmay_inner_zag, layout_loops_corners,
          nicolae_overflow_hidden_temple, serial_shops, shop,
          nicolae_shop_behind_doors, shop
D:8:      layout_rooms, grunt_qazlal_clouds, tgw_sif, cheibriados_altar_1,
          lair_entry_dummy, hangedman_little_slice_of_home,
          kennysheep_generic_room_3
D:9:      layout_basic, grunt_dithmenos_shadows, nicolae_overflow_crystal_walls,
          gammafunk_ghost_berserking_beasts, kennysheep_diamond,
          serial_bayou_pond_a
D:10:     layout_basic, serial_shops, shop
D:11:     layout_irregular_city, zombieorc2_lemuel,
          portal_ice_cave_entry_pillars_1, uniq_harold
D:12:     gammafunk_sealed_arena, layout_gridville, serial_shops,
          nicolae_shop_trees, minmay_misc_feat_doors, minmay_gold_behind_fungi
D:13:     layout_stronghold, david_vaults_1, nicolae_trove_entry_free_sample,
          basic_altar, serial_shops, shop_fountains, uniq_urug
D:14:     layout_roguey, minmay_misc_feat_room, serial_shops, shop,
          uniq_josephine, uniq_rupert
D:15:     grunt_enter_depths_snipers, layout_rooms,
          ebering_ghost_reflecting_pool, hangedman_decor_lopped, serial_shops,
          shop, shop_fountains, shop, nicolae_shop_waterfront,
          minmay_unpleasant_kobolds
Temple:   oiseaux_autumnal_temple
Lair:1:   layout_loops_ring, serial_bayou_pond_d, minivault_11, minivault_24,
          cheibrodos_lair_lostbears
Lair:2:   layout_cave_pods, spider_nest_entry_funnel_web, uniq_sonja
Lair:3:   layout_layer_cave, gammafunk_ghost_necromancy,
          eino_small_chamber_without_monster, uniq_snorg
Lair:4:   layout_cave_pods, nicolae_swamp_entry_splash_gauntlet,
          gammafunk_ghost_ooze, roderic_carrion_pond, grunt_megastairs_4
Lair:5:   layout_loops_ring, minmay_slime_entry_pillars, lookout_lair_type
Lair:6:   hangedman_lair_in_review, layout_loops_ring,
          nicolae_volcano_entry_lava_flow
Swamp:1:  layout_basic_swamp, evilmike_swamp_ruin_house_4, uniq_kirke
Swamp:2:  layout_basic_swamp, lemuel_altar_in_water, swamp_pool2,
          infiniplex_staircase_pool
Swamp:3:  cheibrodos_swamp_monstrosity, layout_falls_marsh,
          evilmike_swamp_ruin_rubble_2
Swamp:4:  swamp_pestilence, layout_basic_swamp
Spider:1: layout_spider_delve, uniq_frances, uniq_jorgrun
Spider:2: layout_spider_delve, hangedman_spider_mandibles, drop_trap
Spider:3: layout_chambers
Spider:4: spider_rune_water
Orc:1:    layout_diamond_mine, serial_shops, shop, shop
Orc:2:    st_orc_pillars, layout_caves
Elf:1:    layout_rooms, serial_shops, nicolae_shop_statue_plus, minivault_28,
          kilobyte_rumbling_trees, uniq_roxanne
Elf:2:    layout_gridlike
Elf:3:    minmay_elf_hall_dome, layout_loops_corners,
          ebering_ghost_disaster_area, drop_trap, grunt_ministairs_4
Vaults:1: hangedman_vaults_corner, nicolae_vaults_circle_grid_b, v_rooms_4,
          vaults_mumra_minichess, st_spiral_rooms, grunt_vaults_hallway_short,
          nicolae_vaults_network_s, hangedman_vaults_nails,
          vaults_room_grunt_arrival_ludios, vaults_room_pool,
          ontoclasm_vaults_decontamination, layout_vaults_maze, serial_shops,
          shop, basic_altar
Vaults:2: vaults_room_boxed, v_misc_2, vaults_room_pool,
          grunt_vaults_funneled_arena, grunt_vaults_diagonal,
          hangedman_vaults_capsules, vaults_room_large_hall,
          ontoclasm_vaults_claustrophobia, layout_vaults_omnibox, serial_shops,
          nicolae_shop_stone, uniq_mennas, uniq_bai_suzhen
Vaults:3: grunt_vaults_trifunnel, vaults_room_fours, grunt_vaults_swirl,
          nicolae_vaults_ring_of_whatevers, ontoclasm_vaults_bender,
          nicolae_vaults_shelves_hall, hangedman_vaults_nails, v_rooms_3,
          minmay_crypt_entry_simple_statues, nicolae_vaults_asterisk,
          layout_vaults_quadrants
Vaults:4: hangedman_vaults_stitches, nicolae_vaults_what_the_h,
          hangedman_vaults_slither, vaults_mumra_hexcomb, vaults_mumra_hex,
          v_misc_12, vaults_room_semicircle, layout_vaults_chaotic_city,
          serial_shops, nicolae_shop_crystal, uniq_mara
Vaults:5
Crypt:1:  layout_gridlike, grunt_megastairs_1, uniq_aizul
Crypt:2:  layout_misc_corridors, uniq_khufu, uniq_frederick
Crypt:3:  evilmike_haunted_forest
Tomb:1
Tomb:2
Tomb:3

Skill      XL: |  1  2  3  4  5  6  7  8  9 10 11 12 13 14 15 16 17 18 19 20 21 22 23 24 25 26 27 |
---------------+----------------------------------------------------------------------------------+-----
Conjurations   | 1 2 3 4 6 |  6.0
Fire Magic     | 3 5 |  5.2
Air Magic      | 2 4 5 16 | 16.3
Charms         | 2 4 |  4.0
Necromancy     | 2 4 6 8 9 11 12 13 16 18 19 | 19.0
Shields        | 4 9 14 15 | 15.0
Spellcasting   | 4 7 10 14 15 | 15.0
Earth Magic    | 7 9 11 15 18 21 24 26 27 | 27.0
Dodging        | 4 7 8 |  8.0
Fighting       | 5 8 10 | 10.0
Armour         | 5 8 10 | 10.0
Transmutations | 6 13 14 18 19 | 19.0
Evocations     | 12 | 12.0
Stealth        | |  2.4
Summonings     | |  1.0
Translocations | |  0.8

Action                   |  1- 3 |  4- 6 |  7- 9 | 10-12 | 13-15 | 16-18 | 19-21 | 22-24 | 25-27 || total
-------------------------+-------+-------+-------+-------+-------+-------+-------+-------+-------++-------
Melee: Dagger            |     2 |       |       |       |       |       |       |       |       ||     2
       Club              |     4 |       |       |       |       |       |       |       |       ||     4
       Halberd           |       |     3 |       |       |       |       |       |       |       ||     3
       Whip              |       |    27 |   159 |   425 |   141 |       |       |       |       ||   752
       Hunting sling     |       |       |     1 |       |       |       |       |       |       ||     1
       Flail             |       |       |     3 |       |       |       |       |       |       ||     3
       Spear             |       |       |       |       |   572 |       |       |       |       ||   572
       Quick blade       |       |       |       |       |       |   260 |       |       |       ||   260
       Scimitar          |       |       |       |       |       |     2 |       |       |       ||     2
       Staff             |       |       |       |       |       |       |       |       |     4 ||     4
       Dire flail        |       |       |       |       |       |       |       |       |    51 ||    51
 Fire: Hunting sling     |    26 |   128 |    90 |    28 |       |       |       |       |       ||   272
       Shortbow          |       |       |       |    64 |   220 |   717 |   746 |   774 |   725 ||  3246
       Hand crossbow     |       |       |       |       |     4 |       |       |       |    98 ||   102
 Cast: Magic Dart        |    45 |    48 |    54 |    42 |    18 |       |       |       |       ||   207
       Mephitic Cloud    |     2 |    13 |    40 |    58 |    32 |    23 |    19 |     3 |       ||   190
       Conjure Flame     |       |     3 |    24 |    52 |   109 |    55 |    24 |    17 |     4 ||   288
       Regeneration      |       |       |     4 |    47 |   103 |    73 |    79 |    69 |    79 ||   454
       Sublimation of Bl |       |       |       |    30 |    40 |    61 |    74 |   105 |   118 ||   428
       Dispel Undead     |       |       |       |    11 |    13 |    43 |    18 |    66 |    75 ||   226
       Borgnjor's Vile C |       |       |       |    17 |   171 |   246 |   259 |   264 |   209 ||  1166
       Bolt of Draining  |       |       |       |       |       |     8 |    12 |     9 |     1 ||    30
       Bolt of Magma     |       |       |       |       |       |       |    10 |       |     3 ||    13
       Necromutation     |       |       |       |       |       |       |       |    19 |    61 ||    80
       Shatter           |       |       |       |       |       |       |       |       |    81 ||    81
Invok: Renounce Religion |       |       |       |       |     1 |       |     1 |       |       ||     2
       Receive Necronomi |       |       |       |       |     1 |       |       |       |       ||     1
       Call Merchant     |       |       |       |       |       |       |     1 |       |       ||     1
       Potion Petition   |       |       |       |       |       |       |       |     4 |    11 ||    15
 Abil: Dig               |       |     1 |    25 |    29 |    69 |    11 |     2 |     5 |     2 ||   144
       Shaft Self        |       |       |       |       |       |       |     1 |       |       ||     1
       End Transformatio |       |       |       |       |       |       |       |    12 |    40 ||    52
Evoke: Phial of floods   |       |       |       |       |       |       |     1 |       |       ||     1
       Sack of spiders   |       |       |       |       |       |       |       |     2 |       ||     2
       Wand              |       |       |       |       |       |       |       |     1 |     1 ||     2
       Lamp of fire      |       |       |       |       |       |       |       |     2 |     3 ||     5
       Fan of gales      |       |       |       |       |       |       |       |     1 |       ||     1
  Use: Scroll            |       |       |     5 |     7 |    12 |    15 |       |     6 |     7 ||    52
       Potion            |       |       |       |     9 |     5 |     5 |     4 |     9 |    14 ||    46
 Stab: Confused          |       |     2 |     4 |     9 |     9 |     1 |       |       |       ||    25
       Sleeping          |       |       |       |     2 |     4 |     2 |       |       |       ||     8
       Distracted        |       |       |       |       |     2 |     1 |       |       |     1 ||     4
       Invisible         |       |       |       |       |       |     1 |       |       |       ||     1
  Eat: Chunk             |     1 |     8 |    20 |    32 |     4 |       |       |       |       ||    65
       Ration            |       |       |       |     1 |    23 |    12 |    10 |     8 |    11 ||    65
Armor: Robe              |    10 |     7 |     8 |       |       |       |       |       |       ||    25
       Leather armour    |       |       |    43 |   108 |   173 |   248 |   156 |   133 |   322 ||  1183
       Skin              |       |       |       |     1 |     2 |       |       |       |       ||     3
Dodge: Dodged            |    31 |    46 |   110 |   204 |   359 |   434 |   310 |   184 |   434 ||  2112
Block: Shield            |       |       |       |   190 |   385 |   507 |   334 |    75 |       ||  1491
       Large shield      |       |       |       |       |       |       |       |   269 |  1012 ||  1281
       Reflection        |       |       |       |       |       |       |       |       |     1 ||     1
